 Dungeon Crawl Stone Soup version 0.27-a0-46-g34d46f0a3f (webtiles) character file.

Game seed: 2709926454670111494

2573 Borgoz the Slicer (level 9, 0/62 HPs)
             Began as a Halfling Gladiator on Jan 7, 2021.
             Was a Follower of Ashenzari.
             Succumbed to a killer bee's poison
             ... on level 7 of the Dungeon.
             The game lasted 00:11:27 (7413 turns).

Borgoz the Slicer (Halfling Gladiator)              Turns: 7413, Time: 00:11:28

Health: 0/62       AC:  7    Str: 18    XL:     9   Next: 87%
Magic:  9/9        EV: 20    Int:  6    God:    Ashenzari [*.....]
Gold:   119        SH:  0    Dex: 16    Spells: 8/8 levels left

rFire    . . .     SeeInvis .   a - +8 rapier "Fiwi Egoddu" {vorpal, Stlth+}
rCold    . . .     Faith    .   (shield restricted)
rNeg     . . .     Spirit   .   u - +2 leather armour "Adegith" {Regen+}
rPois    .         Reflect  .   c - +0 helmet
rElec    .         Harm     .   (no cloak)
rCorr    +         Rampage  .   (no gloves)
Will     .....                  (no boots)
Stlth    ++........             (no amulet)
HPRegen  0.60/turn              x - ring of resist corrosion
MPRegen  0.11/turn              (no ring)

@: lethally poisoned (0 -> -15)
A: small, mutation resistance 1
a: Renounce Religion, Curse Item, Scrying


You were on level 7 of the Dungeon.
You worshipped Ashenzari.
Ashenzari was aware of your devotion.
You visited 2 branches of the dungeon, and saw 8 of its levels.

You collected 398 gold pieces.
You spent 279 gold pieces at shops.

Inventory:

Hand Weapons
 a - the +8 rapier "Fiwi Egoddu" (weapon) {vorpal, Stlth+}
   (You bought it in a shop on level 6 of the Dungeon)

   It inflicts extra damage upon your enemies.
   It makes you more stealthy.
 b - a +0 rapier
Missiles
 d - a throwing net (quivered)
Armour
 c - a +0 helmet (worn)
 e - +0 swamp dragon scales
 u - the +2 leather armour "Adegith" (worn) {Regen+}
   (You found it on level 4 of the Dungeon)

   It increases your rate of regeneration.
Jewellery
 h - a +4 ring of protection
 p - an uncursed ring of flight
 x - a ring of resist corrosion (left hand)
Wands
 r - a wand of acid (13)
 w - a wand of iceblast (12)
Scrolls
 f - a scroll of enchant armour
 i - a scroll of magic mapping
 k - 5 scrolls of remove curse
 l - 3 scrolls of teleportation
 q - a scroll of fog
 v - a scroll of blinking {unknown}
Potions
 g - 2 potions of mutation
 n - a potion of resistance
 o - a potion of brilliance


   Skills:
 + Level 6.0 Fighting
 + Level 8.4 Short Blades
 - Level 2.0 Throwing
 + Level 6.7 Armour
 + Level 7.7 Dodging


You had 8 spell levels left.
You didn't know any spells.
Your spell library contained the following spells:

 Spells                   Type           Power        Failure   Level
 Animate Skeleton         Necr           0%           50%         1
 Pain                     Necr           0%           50%         1
 Vampiric Draining        Necr           0%           86%         3
 Animate Dead             Necr           0%           99%         4
 Agony                    Necr           0%           100%        5


Dungeon Overview and Level Annotations

Branches:
Dungeon (7/15)             Temple (1/1) D:5

Altars:
Ashenzari
Cheibriados
Elyvilon
Gozag
Hepliaklqana
Kikubaaqudgha
Nemelex Xobeh
Okawaru
Qazlal
Ru
Trog
Uskayaw
Vehumet
Wu Jian
Xom
Zin
The Shining One

Shops:
D:6 :*([


Innate Abilities, Weirdness & Mutations

You are small and have problems with some larger weapons.
You are somewhat resistant to further mutation.


Message History

The killer bee misses you. The killer bee barely misses you.
The killer bee stings you but does no damage.
The white imp shouts, "Disclaim thyself, thou foppish roguish manikin!"
Your Fighting skill increases to level 6!
You puncture the killer bee!
You kill the killer bee!
You feel sick.
The killer bee completely misses you. x3
You puncture the white imp!
You kill the white imp!
You feel sick. The killer bee completely misses you. The killer bee stings you.
* * * LOW HITPOINT WARNING * * *
The killer bee stings you.
* * * LOW HITPOINT WARNING * * *
You are more poisoned.
The killer bee poisons you!
Okay, then.
Okay, then.
You hit the killer bee.
The killer bee is heavily wounded.
You die...

.. #......### ... ##........#.#
...##............#
................##
#...............#
#.................
..##....Z........#...
.......yy†...........
......##@............ ..Z.#
###........... ...
###........... . #.........###
#......#....#
...##......##))>##
#.......####).)..##
##.......##<#.)#...##
...##..#..............#....##..
#


You could see 2 killer bees and a worker ant zombie.

Vanquished Creatures
  Maggie (D:7)
  Sigmund (D:2)
  2 sky beasts
  An ice beast (D:3)
  A necrophage (D:7)
  A phantom (D:5)
  2 bullfrogs
  6 scorpions
  4 killer bees (D:7)
  A centaur zombie (D:6)
  2 howler monkeys
  2 bullfrog zombies
  A hound (D:5)
  6 orc wizards
  A gnoll shaman (D:5)
  4 orc priests
  2 bullfrog skeletons
  An iguana (D:4)
  Jessica (D:2)
  3 worker ants
  2 hound skeletons
  A worker ant zombie (D:4)
  8 gnolls
  10 adders
  3 shadow imps
  2 white imps (D:7)
  2 oozes
  3 adder zombies
  2 adder skeletons
  2 worms
  3 dart slugs
  5 leopard geckos
  21 orcs
  2 ball pythons
  2 giant cockroaches
  8 goblins
  5 hobgoblins
  15 jackals
  4 quokkas
  3 bats
  6 frilled lizards
  2 kobolds
  3 rats
157 creatures vanquished.

Vanquished Creatures (others)
  5 withered plants (D:4)
5 creatures vanquished.

Grand Total: 162 creatures vanquished

Notes
Turn   | Place    | Note
-------+----------+-------------------------------------------
     0 | D:1      | Borgoz the Halfling Gladiator began the quest for the Orb.
     0 | D:1      | Reached XP level 1. HP: 14/14 MP: 1/1
   121 | D:1      | Reached XP level 2. HP: 17/19 MP: 2/2
   439 | D:1      | Reached skill level 1 in Armour
   439 | D:1      | Reached XP level 3. HP: 24/24 MP: 3/3
   468 | D:1      | Reached skill level 4 in Short Blades
   717 | D:2      | Found a snail-covered altar of Cheibriados.
   829 | D:2      | Noticed Sigmund
   845 | D:2      | Killed Sigmund
   846 | D:2      | Reached XP level 4. HP: 24/31 MP: 4/4
   846 | D:2      | Reached XP level 5. HP: 28/36 MP: 5/5
   846 | D:2      | Reached XP level 6. HP: 33/42 MP: 6/6
  1206 | D:2      | Noticed Jessica
  1215 | D:2      | Killed Jessica
  1216 | D:2      | Reached skill level 5 in Short Blades
  1885 | D:3      | Noticed an ice beast
  1900 | D:3      | Killed an ice beast
  1901 | D:3      | Reached XP level 7. HP: 43/46 MP: 7/7
  2010 | D:3      | Reached skill level 5 in Dodging
  2190 | D:3      | Found a sparkling altar of Nemelex Xobeh.
  3150 | D:4      | You fall into a shaft and drop 3 floors!
  3204 | D:7      | Reached skill level 6 in Short Blades
  3504 | D:7      | Reached XP level 8. HP: 32/54 MP: 8/8
  3638 | D:6      | Found Sack's Antique Weapon Shop.
  4050 | D:6      | Found Oweont's Book Shop.
  4075 | D:5      | Entered Level 5 of the Dungeon
  4154 | D:6      | Found Goaqah's Assorted Antiques.
  4429 | D:5      | Reached skill level 5 in Armour
  4611 | D:5      | Found a broken altar of Ashenzari.
  4622 | D:5      | Became a worshipper of Ashenzari the Shackled
  4985 | D:4      | Got the uncursed leather armour "Adegith" {Regen+}
  4996 | D:4      | Identified the +2 leather armour "Adegith" {Regen+} (You
                  | found it on level 4 of the Dungeon)
  5005 | D:4      | Found a shimmering altar of Xom.
  5005 | D:4      | Found a shimmering altar of Xom.
  5005 | D:4      | Found a shimmering altar of Xom.
  5006 | D:4      | Found a shimmering altar of Xom.
  5013 | D:4      | Reached skill level 7 in Short Blades
  5021 | D:4      | Found a shimmering altar of Xom.
  5063 | D:4      | Found an ornate altar of the Wu Jian Council.
  5414 | D:5      | Reached skill level 5 in Fighting
  5414 | D:5      | Reached XP level 9. HP: 61/61 MP: 9/9
  5665 | D:5      | Found a staircase to the Ecumenical Temple.
  5676 | Temple   | Entered the Ecumenical Temple
  6687 | D:6      | Reached * piety under Ashenzari
  6844 | D:6      | Found Ikkiepsasyh's Armour Emporium.
  6864 | D:7      | Found a white marble altar of Elyvilon.
  6873 | D:7      | Found an iron altar of Okawaru.
  6873 | D:7      | Found a hazy altar of Hepliaklqana.
  6876 | D:7      | Noticed Maggie
  6967 | D:6      | Bought a pitted rapier for 279 gold pieces
  6968 | D:6      | Identified the +8 rapier "Fiwi Egoddu" {vorpal, Stlth+}
                  | (You bought it in a shop on level 6 of the Dungeon)
  7020 | D:7      | Killed Maggie
  7021 | D:7      | Reached skill level 8 in Short Blades
  7045 | D:7      | Found a glowing golden altar of the Shining One.
  7412 | D:7      | HP: 1/62 [killer bee (6)]
  7413 | D:7      | Succumbed to a killer bee's poison

Illustrated notes

Levels and vault maps discovered:
D:1:      dpeg_arrival_round_c, layout_rooms, wad_floor_pattern_untrapped
D:2:      layout_loops_ring, cheibriados_altar_1, uniq_jessica, uniq_sigmund
D:3:      layout_basic, nemelex_spade_bored_becter
D:4:      layout_basic, lemuel_doored_altar, serial_undead, serial_undead_f,
          serial_undead_e, serial_undead_c, serial_undead_e, xom_redecorated
D:5:      layout_basic, minmay_temple_entry_nine_rooms,
          hangedman_decor_clover_reticule, ashenzari_altar_1
D:6:      layout_basic, serial_shops, shop, nicolae_shop_trees, shop,
          nicolae_shop_statue_plus
D:7:      layout_cave_pools, grunt_temple_overflow_open, uniq_maggie
Temple:   grunt_temple_mini_profane

Skill      XL: |  1  2  3  4  5  6  7  8  9 |
---------------+----------------------------+-----
Fighting       | 2 3 4 5 6 |  6.0
Armour         | 1 2 3 4 5 6 |  6.7
Short Blades   | 4 5 6 7 8 |  8.4
Dodging        | 4 5 6 7 |  7.7
Throwing       | |  2.0

Action                   |  1- 3 |  4- 6 |  7- 9 || total
-------------------------+-------+-------+-------++-------
Melee: Rapier            |    94 |    86 |   656 ||   836
Throw: Throwing net      |     3 |       |     3 ||     6
  Use: Potion            |     2 |       |     7 ||     9
       Scroll            |       |     4 |    10 ||    14
 Stab: Held in net/web   |     2 |       |     2 ||     4
       Sleeping          |     1 |       |       ||     1
       Distracted        |       |       |     1 ||     1
Armor: Leather armour    |    29 |    10 |    96 ||   135
Dodge: Dodged            |    94 |    71 |   622 ||   787

Table legend: (Time is in decaauts)
 A = Elapsed time spent in this place.
 B = Non-inter-level travel time spent in this place.
 C = Inter-level travel time spent in this place.
 D = Time resting spent in this place.
 E = Time spent auto-exploring this place.
 F = Levels seen in this place.
 G = Mean time per level.
                   A        B        C        D        E       F      G
               +--------+--------+--------+--------+--------+-----+--------+
         Total |   7340 |   7075 |    265 |   2165 |   3566 |   8 |  917.5 |
       Dungeon |   7114 |   6887 |    227 |   2165 |   3410 |   7 | 1016.3 |
        Temple |    226 |    188 |     38 |      0 |    156 |   1 |  226.0 |
               +--------+--------+--------+--------+--------+-----+--------+

Top non-repeatable levels by time:
     D:6: 1286 daAuts
     D:4: 1179 daAuts
     D:2: 1052 daAuts
     D:5: 1042 daAuts
     D:3: 949 daAuts
     D:7: 902 daAuts
     D:1: 701 daAuts
  Temple: 226 daAuts
